 Dungeon Crawl Stone Soup version 0.19.5 (webtiles) character file.

57 Gargoyl the Skirmisher (level 4, -4/40 HPs)
             Began as a Ghoul Abyssal Knight on May 5, 2017.
             Was a Follower of Lugonu.
             Slain by a worm (7 damage)
             ... on level 2 of the Dungeon.
             The game lasted 00:03:11 (1838 turns).

Gargoyl the Skirmisher (Ghoul Abyssal Knight)       Turns: 1838, Time: 00:03:11

Health: -4/40      AC:  4    Str: 15    XL:     4   Next: 0%
Magic:  4/4        EV: 11    Int:  7    God:    Lugonu [*.....]
Gold:   38         SH:  0    Dex:  9    Spells: 0 memorised, 3 levels left

rFire  . . .     SeeInvis .     a - +1 hand axe
rCold  + . .     Gourm    .     b - +0 leather armour
rNeg   + + +     Faith    .     (no shield)
rPois  ∞         Spirit   .     e - +0 helmet
rElec  .         Reflect  .     (no cloak)
rCorr  .         Harm     .     (no gloves)
MR     .....                    (no boots)
Stlth  +.........               (no amulet)
                                (no ring)
                                (no ring)

@: rotting
A: rotting body, claws 1, carnivore 3, cold resistance 1, negative energy
resistance 3, slow regeneration 1, torment resistance, unbreathing
a: Depart the Abyss, Renounce Religion


You were on level 2 of the Dungeon.
You worshipped Lugonu.
Lugonu was aware of your devotion.
You were not hungry.

You visited 1 branch of the dungeon, and saw 2 of its levels.
You visited the Abyss 1 time.

You collected 38 gold pieces.

Inventory:

Hand Weapons
 a - a +1 hand axe (weapon)
Armour
 b - a +0 leather armour (worn)
 e - a +0 helmet (worn)
Jewellery
 k - an uncursed ring of fire {unknown}
Scrolls
 h - a scroll of identify
 m - 2 scrolls of noise {unknown}
 o - a scroll of teleportation {unknown}
Potions
 d - a potion of invisibility
 f - a potion of flight {unknown}
 g - a potion of brilliance {unknown}
 n - 2 potions of haste {unknown}
Comestibles
 c - a meat ration
 j - a beef jerky
 l - a slice of pizza


   Skills:
 + Level 4.1 Fighting
 + Level 2.1 Axes
 * Level 2.4 Armour
 + Level 1.1 Dodging
 * Level 2.5 Invocations


You had 3 spell levels left.
You didn't know any spells.

Dungeon Overview and Level Annotations

Branches:
Dungeon (2/15)

Altars:
Qazlal
Xom


Innate Abilities, Weirdness & Mutations

Your body is rotting away.
You thrive on raw meat.
You are immune to poison.
You have sharp fingernails.
You are carnivorous and can eat meat at any time.
Your flesh is cold resistant. (rC+)
You are immune to negative energy. (rN+++)
You regenerate slowly when monsters are visible.
You are immune to unholy pain and torment.
You can survive without breathing.


Message History

The worm bites you.
* * * LOW HITPOINT WARNING * * *
You hit the worm.
The worm is severely wounded.
You hit the worm.
The worm is severely wounded.
The worm barely misses you.
You completely miss the worm.
The worm is severely wounded.
The worm bites you but does no damage.
You hit the worm.
The worm is severely wounded.
The worm bites you.
* * * LOW HITPOINT WARNING * * *
You barely miss the worm.
The worm is severely wounded.
You barely miss the worm.
The worm is severely wounded.
The worm bites you!
You die...

..#..# ..... # .... #
..# # # ##..#.#
################>....#
#....>............## #
...............)w..#....
#...............@......#
#######...####<..##..###
#...# ##.## .## #.>.#
### # #####...#
#.......# #.###...# #.#
######## #<####.....#


You could see a worm.

Vanquished Creatures
  An adder (D:2)
  A worm (D:2)
  2 dart slugs (D:1)
  A leopard gecko (D:1)
  A giant cockroach (D:1)
  6 hobgoblins
  4 jackals (D:2)
  5 kobolds
  2 ball pythons
  8 bats
  3 frilled lizards
  2 goblins
  3 rats
39 creatures vanquished.

Notes
Turn   | Place    | Note
-------+----------+-------------------------------------------
     0 | Abyss:1  | Gargoyl the Ghoul Abyssal Knight began the quest for the Orb.
     0 | Abyss:1  | Reached XP level 1. HP: 19/19 MP: 1/1
     8 | Abyss:1  | Found a corrupted altar of Lugonu.
    79 | Abyss:1  | Noticed a large abomination
    90 | Abyss:1  | Noticed a spatial vortex
   104 | Abyss:1  | Noticed a large abomination
   109 | Abyss:1  | Noticed a rakshasa
   113 | D:1      | Escaped the Abyss
   187 | D:1      | Reached XP level 2. HP: 26/26 MP: 2/2
   678 | D:1      | Reached * piety under Lugonu
  1019 | D:1      | Reached XP level 3. HP: 27/33 MP: 3/3
  1398 | D:2      | Reached skill level 4 in Fighting
  1470 | D:2      | Found a stormy altar of Qazlal.
  1587 | D:2      | Found a shimmering altar of Xom.
  1700 | D:2      | Reached skill level 1 in Dodging
  1728 | D:2      | Found a shimmering altar of Xom.
  1751 | D:2      | Found a shimmering altar of Xom.
  1823 | D:2      | Reached XP level 4. HP: 30/40 MP: 4/4
  1838 | D:2      | Slain by a worm

Skill      XL: |  1  2  3 |
---------------+----------+-----
Axes           | 2 |  2.1
Armour         | 2 |  2.4
Fighting       | 4 |  4.1
Dodging        | 1 |  1.1
Invocations    | |  2.5

Action                   |  1- 3 |  4- 6 || total
-------------------------+-------+-------++-------
Melee: Hand axe          |   148 |    11 ||   159
Invok: Depart the Abyss  |     1 |       ||     1
  Use: Scroll            |     2 |       ||     2
  Eat: Chunk             |    22 |     2 ||    24
Armor: Leather armour    |    83 |     1 ||    84
Dodge: Dodged            |   149 |     3 ||   152
